 Dungeon Crawl Stone Soup version 0.25-a0-1130-g3926558f3a (webtiles) character file.

Game seed: 14796258140538190231, levelgen mode: deterministic

629 kae the Caller (level 7, 0/36 HPs)
             Began as a Kobold Summoner on May 19, 2020.
             Was an Initiate of Ru.
             Slain by Prince Ribbit (16 damage)
             ... on level 5 of the Dungeon.
             The game lasted 00:06:31 (7284 turns).

kae the Caller (Kobold Summoner)                    Turns: 7284, Time: 00:06:31

Health: 0/36       AC:  4    Str: 12      XL:     7   Next: 77%
Magic:  17/23      EV: 14    Int: 18      God:    Ru [......]
Gold:   222        SH:  0    Dex:  8 (15) Spells: 6/15 levels left

rFire    . . .     SeeInvis .   k - +2 mace
rCold    . . .     Gourm    .   (shield restricted)
rNeg     . . .     Faith    .   a - +0 robe
rPois    .         Spirit   .   (no helmet)
rElec    .         Reflect  .   h - +1 cloak
rCorr    .         Harm     .   (no gloves)
MR       .....                  (no boots)
Stlth    ++........             (no amulet)
HPRegen  0.12/turn              m - ring of magical power
MPRegen  0.18/turn              p - +6 ring of strength

@: no status effects
A: small, carnivore
a: Renounce Religion


You were on level 5 of the Dungeon.
You worshipped Ru.
Ru was noncommittal.
You were full.

You visited 2 branches of the dungeon, and saw 6 of its levels.

You collected 222 gold pieces.

Inventory:

Hand Weapons
 k - a +2 mace (weapon)
Armour
 a - a +0 robe (worn)
 h - a +1 cloak (worn)
Jewellery
 m - a ring of magical power (left hand)
 p - a +6 ring of strength (right hand)
 q - an uncursed ring of fire
 w - the amulet of the Tuna {Acrobat Int+5, unknown}
   (You found it on level 5 of the Dungeon)

   [amulet of the acrobat]

   It helps you evade while moving and waiting.
   It affects your intelligence (+5).
Wands
 v - a wand of acid (10)
 x - a wand of enslavement (10)
Scrolls
 b - 2 scrolls of amnesia
 j - 2 scrolls of teleportation
 l - 2 scrolls of remove curse
 s - 2 scrolls of identify
 t - a scroll of noise {unknown}
 u - 2 scrolls of blinking
 y - a scroll of enchant weapon
Potions
 d - 2 potions of stabbing
 e - a potion of brilliance
 f - a potion of flight {unknown}
 g - 2 potions of curing
 i - a potion of mutation {unknown}
 n - a potion of resistance
 o - a potion of berserk rage {unknown}
 r - 2 potions of might
Comestibles
 c - 9 rations


   Skills:
 - Level 2.4 Dodging
 - Level 2.6 Stealth
 + Level 4.9 Spellcasting
 * Level 7.6 Summonings


You had 6 spell levels left.
You knew the following spells:

 Your Spells              Type           Power        Failure   Level  Hunger
a - Summon Small Mammal   Summ           ####         1%          1    None
b - Call Imp              Summ           ####....     1%          2    #......
c - Call Canine Familiar  Summ           ####....     1%          3    ###....
d - Summon Guardian Gole  Hex/Summ       ###.....     9%          3    ###....

Your spell library contained the following spells:

 Spells                   Type           Power        Failure   Level  Hunger
 Summon Ice Beast         Ice/Summ       ###.....     28%         4    ####...
 Summon Lightning Spire   Summ/Air       ###.....     28%         4    ####...


Dungeon Overview and Level Annotations

Branches:
Dungeon (5/15)             Temple (1/1) D:4

Altars:
Ashenzari
Cheibriados
Elyvilon
Fedhas
Hepliaklqana
Kikubaaqudgha
Makhleb
Nemelex Xobeh
Okawaru
Ru
Sif Muna
Trog
Uskayaw
Wu Jian
Xom
Yredelemnul
The Shining One

Annotations:
D:3 exclusions: ogre and orc
D:4 3 runed translucent doors, Menkaure; orehx's ghost, amateur OpTm
D:5 Prince Ribbit


Innate Abilities, Weirdness & Mutations

You are small and have problems with some larger weapons.
You are carnivorous and can eat meat at any time.


Message History

Confirm with . or Enter, or press ? or * to list all spells.
A beastly little devil appears in a puff of flame.
You barely miss Prince Ribbit. Prince Ribbit hits you!
Prince Ribbit blinks!
You swap places.
Prince Ribbit closely misses you.
Your hound barely misses Prince Ribbit.
Prince Ribbit misses you.
You closely miss Prince Ribbit.
Prince Ribbit hits you but does no damage.
Your crimson imp barely misses Prince Ribbit.
Your hound bites Prince Ribbit.
Prince Ribbit hits you.
You barely miss Prince Ribbit.
Prince Ribbit is lightly wounded.
Your hound closely misses Prince Ribbit.
Your crimson imp misses Prince Ribbit.
Prince Ribbit hits you!
Your hound closely misses Prince Ribbit.
Your crimson imp misses Prince Ribbit.
You hit Prince Ribbit.
Prince Ribbit is lightly wounded.
Prince Ribbit closely misses you.
Your hound bites Prince Ribbit.
Prince Ribbit hits you!
You die...

...... .. #.......#.
.........# ...##.....##.
#........###..####.####.
........................
.........<........###..
.## .................##..
.... #...%.......#.......
..... #.58........##....##
.....##.F@...............#
........h.......##...##...
..........#...............
........####.....#........
....##...######..##.......
..###............#........
#...!.....#............
#......##...#...........#
##....###...#..##....>...


You could see Prince Ribbit, a friendly guardian golem (summoned), a friendly
hound (summoned, sheltered) and a friendly crimson imp (summoned, sheltered).

Vanquished Creatures
  An ogre (D:4)
  A bullfrog (D:4)
  A water moccasin skeleton (D:4)
  A scorpion (D:4)
  A crimson imp (D:3)
  An orc priest (D:3)
  An orc wizard (D:4)
  A hound skeleton (D:4)
  Robin (D:4)
  A howler monkey skeleton (D:5)
  3 adders
  An ooze (D:2)
  A worm (D:2)
  7 orcs
  3 bats
  3 giant cockroaches
  6 hobgoblins
  2 quokkas
  A frilled lizard (D:3)
  9 goblins
  2 kobolds (D:3)
  2 rats
50 creatures vanquished.

Vanquished Creatures (collateral kills)
  Eustachio (D:4)
  Blork the orc (D:5)
  A howler monkey (D:1)
  A quasit (D:3)
  An iguana (D:3)
  A worker ant (D:4)
  Natasha (D:3)
  4 adders
  A worm (D:2)
  2 orcs (D:4)
  3 bats
  4 goblins
  5 hobgoblins
  A frilled lizard (D:2)
  3 rats (D:2)
30 creatures vanquished.

Grand Total: 80 creatures vanquished

Notes
Turn   | Place    | Note
-------+----------+-------------------------------------------
     0 | D:1      | kae the Kobold Summoner began the quest for the Orb.
     0 | D:1      | Reached XP level 1. HP: 10/10 MP: 3/3
  1280 | D:1      | Reached XP level 2. HP: 14/15 MP: 5/5
  1380 | D:2      | Reached XP level 3. HP: 10/19 MP: 7/7
  1539 | D:2      | Learned a level 2 spell: Call Imp
  1543 | D:2      | Learned a level 3 spell: Call Canine Familiar
  2012 | D:1      | Reached skill level 5 in Summonings
  2012 | D:1      | Reached XP level 4. HP: 6/24 MP: 2/8
  2650 | D:2      | Found a white marble altar of Elyvilon.
  3158 | D:3      | Learned a level 3 spell: Summon Guardian Golem
  3414 | D:3      | Reached XP level 5. HP: 17/28 MP: 9/9
  3905 | D:3      | Noticed Natasha
  3920 | D:3      | Killed Natasha
  4253 | D:3      | Noticed an ogre
  4611 | D:3      | Reached skill level 6 in Summonings
  4611 | D:3      | Reached XP level 6. HP: 32/32 MP: 11/11
  5658 | D:4      | Reached XP level 7. HP: 26/36 MP: 13/13
  5745 | D:4      | Noticed Eustachio
  5760 | D:4      | Killed Eustachio
  5760 | D:4      | Reached skill level 7 in Summonings
  5911 | D:4      | Noticed Menkaure
  5921 | D:4      | Found a runed translucent gate.
  5922 | D:4      | Found a runed translucent gate.
  5922 | D:4      | Noticed orehx's ghost (amateur OpTm)
  5923 | D:4      | Found a runed translucent gate.
  5924 | D:4      | Identified the +9 whip of Ru's Pride {chaos, rPois Str+4}
  5946 | D:4      | Noticed Robin
  5970 | D:4      | Killed Robin
  6054 | D:4      | Noticed a -3 hand axe
  6054 | D:4      | Noticed a +0 dagger
  6056 | D:4      | Found a hide-covered altar of Uskayaw.
  6165 | D:4      | Found a basalt altar of Yredelemnul.
  6179 | D:4      | Found a staircase to the Ecumenical Temple.
  6244 | D:4      | Found a glowing golden altar of the Shining One.
  6603 | D:4      | Noticed an angel
  6675 | Temple   | Entered the Ecumenical Temple
  6905 | Temple   | Became a worshipper of Ru the Awakened
  6964 | D:5      | Entered Level 5 of the Dungeon
  7006 | D:5      | Got a slimy zirconium amulet
  7104 | D:5      | Found a snail-covered altar of Cheibriados.
  7104 | D:5      | Found a burning altar of Makhleb.
  7104 | D:5      | Found a sparkling altar of Nemelex Xobeh.
  7105 | D:5      | Noticed Blork the orc
  7114 | D:5      | Killed Blork the orc
  7230 | D:5      | Found an iron altar of Okawaru.
  7275 | D:5      | Noticed Prince Ribbit
  7284 | D:5      | Slain by Prince Ribbit

Illustrated notes

Levels and vault maps discovered:
D:1:      dpeg_arrival_connections, layout_loops_ring, minmay_misc_feat_rows,
          nrook_uturn
D:2:      layout_basic, nicolae_overflow_hidden_temple, first_ration,
          kennysheep_generic_room_6
D:3:      layout_basic, minmay_misc_feat_x, uniq_natasha
D:4:      layout_basic, grunt_temple_overflow_holy_war,
          lemuel_coloured_pillars_altar, dancing_weapons_uskayaw,
          minmay_temple_entry_arrows, gammafunk_ghost_nasty_kobolds,
          uniq_eustachio, uniq_robin, uniq_menkaure
D:5:      layout_cave_pools, old_standard_altar,
          chequers_temple_overflow_statue_of_worship, nemelex_dance_club_becter,
          uniq_blork_the_orc, uniq_prince_ribbit1
Temple:   jpeg_temple_island

Skill      XL: |  1  2  3  4  5  6  7 |
---------------+----------------------+-----
Spellcasting   | 3 4 |  4.9
Summonings     | 5 6 7 |  7.6
Dodging        | |  2.4
Stealth        | |  2.6

Action                   |  1- 3 |  4- 6 |  7- 9 || total
-------------------------+-------+-------+-------++-------
Melee: Unarmed           |    70 |       |       ||    70
       Mace              |    49 |   152 |    41 ||   242
 Cast: Summon Small Mamm |    15 |    15 |     3 ||    33
       Call Imp          |     6 |    24 |     9 ||    39
       Call Canine Famil |       |     2 |     6 ||     8
       Summon Guardian G |       |       |     2 ||     2
  Use: Scroll            |     3 |     6 |       ||     9
       Potion            |     3 |     2 |       ||     5
 Stab: Sleeping          |     1 |     3 |       ||     4
       Distracted        |     1 |     2 |       ||     3
  Eat: Chunk             |     2 |    17 |     9 ||    28
Armor: Robe              |    30 |    66 |    11 ||   107
       Skin              |       |    14 |       ||    14
Dodge: Dodged            |   172 |   214 |    29 ||   415

Table legend:
 A = Non-vault XP
 B = Vault XP
 C = Vault XP percentage of total XP
 D = Non-vault monster count
 E = Vault monster count
 F = Vault count percentage of total count
                 A         B        C        D         E       F
            +---------+---------+-------+---------+---------+-------
      Total |     647 |     252 |  28.0 |      64 |      16 |  20.0
            +---------+---------+-------+---------+---------+-------
        D:1 |       9 |      34 |  79.1 |       8 |       1 |  11.1
        D:2 |      74 |       1 |   1.3 |      22 |       1 |   4.3
        D:3 |     192 |      20 |   9.4 |      21 |       1 |   4.5
        D:4 |     357 |     147 |  29.2 |      12 |      12 |  50.0
        D:5 |      15 |      50 |  76.9 |       1 |       1 |  50.0
            +---------+---------+-------+---------+---------+-------
